AoeStats
← Myper

Arabia

509400916Analyzed
2v2 RM · 7d ago on Sep 26, 2026· 35m 41s· 4 players
Game mode
Random Map
Map size
Medium (4 player)
Population
200
Speed
Normal
Resources
Standard
Victory
Conquest
Starting age
Dark Age
Ending age
Imperial Age
RankedLock teamsTeams togetherTeam positionsShared explorationLock speedFull tech treeHidden civsTurbo modeCheats
Victory
Defeat
🇺🇸 Burgundians · United States
791
+12
🇲🇽 Cumans · Mexico
743
+14
🇳🇱 Romans · Netherlands
729
-14
🇳🇱 Vietnamese · Netherlands
673
-12
sinko peso
1:53 Loom
9:42 Feudal Age
11:15 Double-Bit Axe
14:31 Wheelbarrow
15:56 Man-at-Arms
29:43 Forging
29:34 Scale Mail Armor
30:30 Fletching
30:41 Padded Archer Armor
34:31 Castle Age
33:34 Stone Mining
34:53 Long Swordsman
36:17 Squires
LisanAlGaib16
8:19 Loom
11:35 Feudal Age
10:57 Double-Bit Axe
12:29 Bow Saw
12:44 Horse Collar
15:28 Wheelbarrow
15:17 Heavy Plow
19:55 Castle Age
18:21 Gold Mining
19:59 Fletching
21:07 Gold Shaft Mining
21:08 Stone Mining
21:53 Town Watch
24:06 Forging
24:20 Husbandry
24:57 Crossbowman
26:21 Scale Barding Armor
25:50 Cavalier
27:42 Padded Archer Armor
28:39 Leather Archer Armor
30:47 Iron Casting
32:48 Stone Shaft Mining
32:10 Bodkin Arrow
33:40 Chain Barding Armor
Moogie
1:02 Loom
12:07 Feudal Age
13:37 Double-Bit Axe
14:08 Fletching
16:17 Padded Archer Armor
17:16 Forging
17:10 Horse Collar
19:02 Gold Mining
20:06 Scale Mail Armor
24:56 Scale Barding Armor
34:02 Castle Age
Myper
0:26 Loom
12:17 Feudal Age
13:46 Wheelbarrow
13:01 Double-Bit Axe
13:50 Horse Collar
14:35 Gold Mining
14:08 Man-at-Arms
17:02 Forging
17:43 Stone Mining
18:19 Scale Mail Armor
18:22 Town Watch
19:22 Scale Barding Armor
20:20 Bloodlines
25:58 Castle Age
25:43 Fletching
25:54 Padded Archer Armor
26:15 Pikeman
26:56 Squires
29:50 Gold Shaft Mining
29:17 Heavy Plow
29:32 Bow Saw
29:29 Long Swordsman
30:47 Iron Casting
30:28 Chain Mail Armor
32:35 Hand Cart
33:49 Bodkin Arrow
34:09 Leather Archer Armor
Connection lost

Rejoining the realm…

Still unreachable

The connection could not be restored.

Session expired

The server has moved on; the page needs a fresh start.